AoeStats
← winter is coming

Arena

510410705Analyzed
4v4 RM · 12h ago on Sep 30, 2026· 46m 25s· 8 players
Game mode
Random Map
Map size
Large (8 player)
Population
200
Speed
Normal
Resources
Standard
Victory
Conquest
Starting age
Dark Age
Ending age
Imperial Age
RankedLock teamsTeams togetherTeam positionsShared explorationLock speedFull tech treeHidden civsTurbo modeCheats
Victory
Defeat
🇹🇷 Britons · Türkiye
1097
+11
🇨🇴 Persians · Colombia
998
+15
🇹🇷 Romans · Türkiye
981
+15
🇫🇷 Turks · France
930
+17
🇬🇧 Bohemians · United Kingdom
983
-15
🇸🇪 Varangians · Sweden
972
-15
🇮🇹 Danes · Italy
957
-14
🇪🇸 Chinese · Spain
952
-14
firstApe
13:05 Feudal Age
14:39 Horse Collar
14:46 Double-Bit Axe
20:12 Bloodlines
22:39 Castle Age
20:44 Gold Mining
22:17 Wheelbarrow
22:17 Scale Barding Armor
22:48 Forging
23:26 Husbandry
29:33 Iron Casting
29:05 Loom
29:09 Town Watch
29:43 Hand Cart
35:32 Stone Mining
41:58 Stone Shaft Mining
48:46 Imperial Age
Karthusxx
0:28 Loom
10:27 Feudal Age
13:36 Fletching
14:01 Double-Bit Axe
18:26 Horse Collar
22:23 Castle Age
22:16 Padded Archer Armor
22:18 Gold Mining
23:27 Bow Saw
23:15 Bodkin Arrow
23:27 Heavy Plow
23:41 Crossbowman
25:50 Thumb Ring
26:36 Leather Archer Armor
31:10 Imperial Age
30:58 Fortified Wall
32:22 Conscription
32:45 Bracer
33:11 Ballistics
33:34 Arbalester
35:01 Elite Skirmisher
35:49 Town Watch
36:39 Wheelbarrow
36:39 Pikeman
37:20 Squires
38:26 Halberdier
39:41 Hand Cart
39:26 Town Patrol
39:29 Heavy Rocket Cart
Il Gonzaga
0:34 Loom
10:52 Feudal Age
11:19 Double-Bit Axe
15:16 Gold Mining
19:37 Castle Age
18:34 Forging
18:25 Scale Mail Armor
18:18 Horse Collar
18:38 Stone Mining
18:52 Arson
20:46 Heavy Plow
20:41 Man-at-Arms
21:22 Squires
23:40 Bow Saw
23:38 Caravan
23:16 Long Swordsman
25:02 Stone Shaft Mining
25:06 Gold Shaft Mining
26:25 Wheelbarrow
26:23 Chain Mail Armor
27:16 Gambesons
29:00 Hand Cart
28:30 Town Watch
28:21 Hamask
34:45 Imperial Age
33:01 Bloodlines
32:52 Husbandry
33:32 Iron Casting
32:48 Fletching
32:58 Padded Archer Armor
34:47 Thumb Ring
34:59 Bodkin Arrow
36:04 Conscription
36:25 Light Cavalry
38:15 Elite Jomsviking
40:48 Blast Furnace
40:18 Plate Mail Armor
39:24 Cranequins
42:52 Ballistics
45:20 Chemistry
45:34 Plate Mail Armor
Horahlooks
11:57 Feudal Age
15:43 Castle Age
14:07 Double-Bit Axe
14:18 Horse Collar
16:37 Bow Saw
22:02 Wheelbarrow
23:52 Heavy Plow
28:31 Imperial Age
26:18 Hand Cart
25:49 Loom
25:47 Pikeman
26:29 Scale Mail Armor
27:03 Forging
27:18 Town Watch
28:01 Chain Mail Armor
29:34 Chemistry
28:45 Fortified Wall
28:46 Masonry
29:01 Halberdier
29:43 Squires
31:13 Fletching
31:23 Padded Archer Armor
31:59 Plate Mail Armor
32:05 Iron Casting
31:31 Arson
32:11 Houfnice
35:39 Two-Man Saw
35:05 Bodkin Arrow
36:11 Blast Furnace
36:45 Wagenburg Tactics
36:47 Hussite Reforms
37:06 Conscription
36:52 Hussite Reforms
39:10 Bracer
39:26 Leather Archer Armor
40:48 Siege Engineers
42:20 Sanctity
42:11 Redemption
42:26 Illumination
42:17 Block Printing
42:37 Theocracy
43:44 Atonement
43:56 Fervor
44:07 Heresy
King of Negev
7:58 Loom
10:26 Feudal Age
11:38 Horse Collar
17:02 Castle Age
15:49 Double-Bit Axe
19:12 Gold Mining
20:39 Bow Saw
23:27 Town Watch
24:18 Heavy Plow
32:20 Imperial Age
30:13 Ballistics
31:07 Wheelbarrow
31:52 Gold Shaft Mining
31:08 Stone Mining
31:53 Ballistas
31:24 Pikeman
32:47 Hand Cart
32:46 Caravan
32:25 Heavy Scorpion
33:28 Siege Engineers
34:25 Chemistry
34:13 Crop Rotation
38:10 Guilds
winter is coming
11:03 Feudal Age
11:19 Loom
14:48 Castle Age
14:55 Double-Bit Axe
15:48 Horse Collar
17:20 Heavy Plow
30:49 Imperial Age
30:08 Wheelbarrow
29:27 Fletching
29:37 Padded Archer Armor
29:13 Crossbowman
30:18 Forging
30:05 Bodkin Arrow
30:13 Scale Mail Armor
31:17 Leather Archer Armor
31:44 Bracer
32:40 Gold Mining
32:40 Stone Mining
33:48 Ballistics
35:09 Chemistry
35:20 Ring Archer Armor
35:09 Arbalester
36:13 Bow Saw
37:29 Chain Mail Armor
37:25 Forging
38:49 Two-Man Saw
38:28 Conscription
38:54 Scale Barding Armor
39:30 Plate Mail Armor
39:36 Iron Casting
39:20 Pikeman
39:46 Gambesons
42:41 Gold Shaft Mining
VIT.DanielCR
10:19 Feudal Age
15:51 Castle Age
14:10 Double-Bit Axe
17:42 Bow Saw
17:15 Horse Collar
18:57 Loom
19:48 Wheelbarrow
22:00 Hand Cart
24:14 Heavy Plow
29:39 Imperial Age
27:28 Forging
27:24 Scale Barding Armor
29:54 Iron Casting
29:40 Chain Barding Armor
29:54 Bloodlines
29:45 Husbandry
29:21 Cavalier
30:22 Husbandry
31:53 Blast Furnace
32:23 Plate Barding Armor
32:28 Fletching
32:39 Padded Archer Armor
33:44 Chemistry
32:35 Heated Shot
33:05 Ballistics
33:12 Murder Holes
32:50 Savar
34:26 Thumb Ring
43:43 Gold Mining
apexeaglex
10:57 Feudal Age
11:45 Horse Collar
11:53 Double-Bit Axe
19:14 Castle Age
17:59 Loom
18:54 Stone Mining
21:08 Fletching
23:26 Gold Mining
26:41 Bodkin Arrow
32:06 Masonry
31:52 Murder Holes
32:20 Ballistics
34:46 Imperial Age
32:39 Ballistics
32:01 Treadmill Crane
32:41 Town Watch
33:37 Fortified Wall
35:01 Ballistics
40:19 Wheelbarrow
39:45 Town Patrol
42:34 Bracer
44:13 Bow Saw
44:06 Heavy Plow
45:12 Conscription
45:08 Padded Archer Armor
46:29 Leather Archer Armor
Connection lost

Rejoining the realm…

Still unreachable

The connection could not be restored.

Session expired

The server has moved on; the page needs a fresh start.